Map: Efflorescence LE

Players

XxDepravity

  • Race: Zerg Zerg

Nightmare

  • Race: Protoss Protoss

JHPGoose

  • Race: Zerg Zerg

doon

  • Race: Zerg Zerg

VOD

Have the link to the VOD?

Description

I lost and didn't play well, but I enjoyed the match. Early attack with adepts into air+phoenix. Abandoned expansion but killed so many overlords

Time

  • Played on: May 5, 2021, 8:10 p.m.
  • Length: 25:34
Show
View Real Time Build Order
Export as new Build Order

XxDepravity Zerg 

Build Orders: Hatch First, Muta Ling Bane 

Get SALT Encoding   

  12  0:00  Drone  
  13  0:12  Overlord  
  13  0:17  Drone  
  14  0:31  Drone x2  
  16  0:36  Drone  
  17  0:58  Drone  
  17  1:00  Drone  
  19  1:04  Hatchery  
  18  1:13  Extractor  
  18  1:18  Spawning Pool  
  16  1:28  Drone  
  16  1:29  Drone  
  16  1:30  Drone  
  19  2:04  Queen  
  19  2:05  Zergling x2  
  22  2:16  Queen  
  22  2:17  Zergling x2  
  25  2:31  Metabolic Boost  
  25  2:35  Drone x2  
  25  2:36  Drone  
  28  2:46  Spine Crawler  
  27  2:54  Baneling Nest  
  27  2:56  Spine Crawler  
  24  2:58  Drone x3  
  26  3:16  Queen  
  28  3:23  Extractor  
  27  3:37  Drone  
  27  3:40  Lair  
  26  4:08  Drone x2  
  28  4:18  Overlord  
  28  4:19  Overlord  
  28  4:33  Overlord  
  28  4:42  Zergling x2  
  28  4:43  Spine Crawler, Zergling x18  
  37  4:47  Centrifical Hooks  
  37  4:53  Drone  
  38  5:09  Drone x4  
  38  5:10  Overlord  
  32  5:45  Drone x4, Spire  
  32  5:46  Drone x2  
  37  5:51  Extractor  
  37  5:52  Queen  
  38  6:00  Spine Crawler  
  37  6:07  Drone x2  
  37  6:08  Drone  
  40  6:17  Zergling x2  
  40  6:18  Zergling x6  
  42  6:58  Baneling  
  42  6:59  Baneling x2, Mutalisk  
  42  7:00  Mutalisk x6  
  56  7:08  Drone x2  
  56  7:12  Overlord  
  58  7:22  Hatchery  
  57  7:45  Drone x3  
  60  7:53  Drone x3  
  60  7:54  Drone x2  
  65  7:59  Extractor  
  51  8:15  Queen x2  
  50  8:20  Spore Crawler  
  50  8:21  Spore Crawler  
  50  8:25  Spore Crawler  
  47  8:38  Mutalisk x6  
  47  8:40  Zergling x12  
  65  8:47  Spore Crawler  
  64  9:11  Queen  
  66  9:34  Spore Crawler  
  66  9:35  Hydralisk Den  
  66  9:36  Evolution Chamber  
  63  9:39  Evolution Chamber  
  63  9:40  Drone x4  
  63  9:41  Infestation Pit  
  65  9:51  Baneling x3  
  52  10:09  Mutalisk x2  
  52  10:10  Mutalisk x2  
  60  10:19  Mutalisk  
  62  10:38  Zergling x6  
  62  10:41  Overlord x3  
  65  10:59  Baneling x6  
  65  11:10  Zergling x26  
  65  11:11  Zergling x6  
  81  11:12  Overlord x2  
  81  11:16  Zerg Ground Armor Level 1  
  81  11:19  Zerg Melee Weapons Level 1  
  81  11:20  Grooved Spines  
  81  11:24  Overseer  
  81  11:28  Overlord x2  
  81  11:32  Hive  
  81  11:37  Baneling  
  71  12:17  Mutalisk  
  71  12:18  Mutalisk x4  
  73  12:22  Zergling x2  
  73  12:23  Zergling x10  
  73  12:51  Mutalisk x3  
  46  13:01  Mutalisk  
  48  13:10  Drone  
  48  13:11  Drone x8  
  57  13:16  Drone x4  
  61  13:34  Hatchery  
  58  13:47  Zergling x2  
  58  13:48  Zergling x20  
  69  14:16  Baneling  
  69  14:17  Baneling x17  
  69  14:23  Drone  
  69  14:24  Drone x3  
  61  14:51  Mutalisk  
  58  15:06  Zergling x2  
  58  15:07  Zergling x22  
  65  15:08  Queen  
  70  15:30  Mutalisk x3  
  76  15:36  Drone x3  
  76  15:38  Drone x3  
  76  15:48  Baneling  
  76  15:49  Baneling  
  42  16:22  Zerg Melee Weapons Level 2  
  42  16:23  Zergling x2  
  42  16:24  Zergling x8  
  42  16:25  Zergling x12  
  47  16:31  Extractor  
  47  16:32  Extractor  
  42  17:05  Zergling x4  
  36  17:24  Baneling x4  
  34  17:53  Zergling x2  
  34  17:54  Zergling x26  
  34  17:55  Zergling x2  
  46  18:09  Queen  
  46  18:10  Queen  
  45  18:28  Zergling x20  
  45  18:31  Adrenal Glands  
  45  18:58  Zergling x12  
  48  19:09  Spore Crawler  
  14  19:34  Zergling x16  
  22  19:59  Zergling x6  
  15  20:14  Drone  
  16  20:30  Hatchery  
  8  21:01  Drone x2  
  8  21:02  Drone  
  7  22:51  Drone x2  
  9  23:12  Drone x2  
  11  23:25  Spine Crawler  
  10  23:41  Drone x2  
  12  23:55  Drone x2  
Show
View Real Time Build Order
Export as new Build Order

Nightmare Protoss 

Build Orders:  

Get SALT Encoding   

  12  0:00  Probe  
  13  0:12  Probe  
  14  0:20  Pylon  
  14  0:24  Probe  
  15  0:38  Gateway  
  15  0:42  Probe (Chrono Boost)  
  16  0:53  Probe (Chrono Boost)  
  17  1:00  Gateway  
  17  1:05  Pylon  
  17  1:12  Probe  
  17  1:16  Assimilator  
  18  1:30  Cybernetics Core  
  18  1:35  Probe  
  19  1:47  Probe (Chrono Boost)  
  19  1:54  Assimilator  
  20  1:59  Probe (Chrono Boost)  
  21  2:02  Pylon  
  21  2:05  Probe (Chrono Boost)  
  22  2:14  Probe  
  23  2:17  Pylon  
  23  2:21  Pylon  
  23  2:22  Adept  
  25  2:24  Adept, Warp Gate (Chrono Boost)  
  27  2:52  Adept  
  27  2:54  Adept  
  27  2:55  Forge  
  31  3:32  Nexus  
  31  3:45  Stargate  
  31  3:46  Stargate  
  31  3:47  Probe  
  32  3:59  Probe  
  31  4:35  Void Ray x2  
  29  4:43  Probe (Chrono Boost)  
  29  4:45  Probe (Chrono Boost)  
  36  4:54  Probe (Chrono Boost)  
  36  4:55  Probe (Chrono Boost)  
  36  4:57  Protoss Air Weapons Level 1 (Chrono Boost)  
  36  4:58  Probe (Chrono Boost)  
  36  4:59  Assimilator  
  37  5:00  Probe (Chrono Boost)  
  39  5:09  Probe  
  39  5:11  Probe  
  39  5:12  Void Ray  
  41  5:21  Probe  
  46  5:23  Probe  
  47  5:30  Void Ray  
  47  5:33  Probe  
  48  5:35  Probe  
  53  5:43  Pylon  
  53  5:45  Probe, Pylon  
  53  5:48  Probe  
  55  5:52  Void Ray  
  55  5:55  Assimilator  
  55  5:57  Probe  
  55  6:00  Probe  
  61  6:06  Protoss Shields Level 1 (Chrono Boost)  
  61  6:09  Probe  
  62  6:12  Probe  
  63  6:24  Probe  
  64  6:33  Zealot  
  64  6:34  Zealot  
  64  6:36  Probe  
  69  6:50  Void Ray  
  69  7:01  Fleet Beacon  
  73  7:06  Void Ray  
  77  7:22  Nexus  
  77  7:25  Pylon  
  77  7:27  Pylon  
  77  7:41  Assimilator  
  77  7:42  Mothership (Chrono Boost)  
  77  7:43  Pylon  
  77  7:44  Pylon  
  77  7:45  Assimilator  
  86  7:51  Void Ray  
  86  7:52  Flux Vanes  
  86  7:54  Probe (Chrono Boost)  
  86  7:56  Pylon  
  86  7:57  Pylon  
  90  8:01  Probe  
  91  8:12  Phoenix  
  93  8:13  Probe  
  92  8:25  Probe  
  91  8:34  Phoenix  
  91  8:37  Probe  
  90  8:42  Void Ray  
  90  8:53  Void Ray  
  93  9:12  Anion Pulse-Crystals  
  93  9:16  Probe x2  
  89  9:25  Phoenix  
  89  9:28  Probe x2  
  89  9:29  Probe  
  92  9:40  Probe x2  
  92  9:41  Probe, Protoss Air Weapons Level 2 (Chrono Boost)  
  95  9:52  Probe x2  
  97  9:53  Probe  
  97  9:55  Carrier (Chrono Boost)  
  106  10:04  Probe x2  
  106  10:06  Phoenix (Chrono Boost)  
  108  10:24  Phoenix (Chrono Boost)  
  98  10:40  Void Ray (Chrono Boost)  
  94  10:43  Void Ray (Chrono Boost)  
  98  10:55  Probe x3  
  105  11:07  Probe x2  
  105  11:08  Probe  
  105  11:10  Void Ray  
  112  11:19  Phoenix, Probe, Twilight Council  
  112  11:21  Gateway x2  
  112  11:24  Gateway  
  115  11:44  Phoenix  
  117  11:53  Phoenix  
  97  12:55  Void Ray  
  97  12:56  Void Ray  
  91  13:19  Charge, Zealot  
  89  13:20  Zealot x4  
  90  13:52  Phoenix  
  90  13:55  Phoenix  
  82  14:02  Stargate x2  
  82  14:03  Zealot x2  
  82  14:04  Zealot x3  
  82  14:05  Nexus  
  82  14:09  Stargate  
  92  14:10  Stargate  
  92  14:20  Phoenix  
  94  14:37  Photon Cannon  
  70  14:40  Photon Cannon  
  70  14:43  Phoenix  
  70  14:44  Phoenix  
  54  14:59  Phoenix (Chrono Boost)  
  60  15:01  Phoenix x2 (Chrono Boost)  
  60  15:02  Phoenix (Chrono Boost)  
  62  15:09  Phoenix (Chrono Boost)  
  62  15:11  Phoenix (Chrono Boost)  
  62  15:14  Probe x3  
  69  15:22  Phoenix (Chrono Boost), Protoss Air Weapons Level 3 (Chrono Boost)  
  69  15:26  Probe x2  
  79  15:29  Phoenix x5 (Chrono Boost)  
  83  15:39  Phoenix  
  85  15:48  Phoenix  
  85  15:49  Phoenix x4  
  95  16:04  Phoenix  
  91  16:13  Phoenix  
  91  16:14  Phoenix x4  
  101  16:29  Phoenix  
  103  16:38  Phoenix  
  103  16:39  Phoenix x2  
  107  16:52  Phoenix x2  
  109  16:54  Phoenix  
  111  17:03  Phoenix  
  111  17:04  Phoenix x2  
  110  17:17  Phoenix  
  100  17:43  Phoenix x5  
  94  18:23  Phoenix x3  
Show
View Real Time Build Order
Export as new Build Order

JHPGoose Zerg 

Build Orders: Pool First, Roach Hydra 

Get SALT Encoding   

  12  0:00  Drone  
  13  0:12  Overlord  
  13  0:18  Drone  
  14  0:35  Spawning Pool  
  14  0:39  Drone  
  14  0:55  Drone x3  
  17  1:26  Zergling x4  
  17  1:29  Queen  
  21  1:37  Spine Crawler  
  20  1:42  Zergling x2  
  20  1:43  Zergling x2  
  23  1:52  Spine Crawler  
  22  2:10  Hatchery  
  21  2:16  Extractor  
  21  2:18  Roach Warren  
  21  2:19  Drone x3  
  22  2:33  Spore Crawler  
  21  2:49  Overlord x2  
  20  3:06  Queen  
  20  3:08  Overlord  
  21  3:19  Roach x3  
  25  3:29  Queen  
  27  3:42  Drone  
  26  4:04  Roach  
  26  4:05  Roach x2  
  32  4:11  Roach  
  34  4:28  Roach x2  
  38  4:40  Drone x3  
  41  4:48  Drone  
  41  4:49  Drone  
  43  4:59  Lair  
  43  5:09  Drone x2  
  42  5:54  Drone x6  
  42  5:55  Drone x4  
  42  5:56  Overlord  
  52  6:05  Overlord  
  52  6:18  Extractor  
  51  6:20  Extractor  
  51  6:25  Hydralisk Den  
  49  6:26  Drone x6  
  49  6:27  Evolution Chamber  
  49  6:28  Evolution Chamber  
  53  6:42  Extractor  
  53  6:46  Drone x4  
  53  6:47  Drone x2  
  58  6:49  Glial Reconstitution  
  58  6:54  Zerg Missile Weapons Level 1  
  58  7:11  Zerg Ground Armor Level 1  
  58  7:34  Overlord  
  58  7:36  Muscular Augments  
  58  7:45  Hydralisk x3  
  58  7:46  Hydralisk x2  
  58  7:48  Overlord  
  68  7:55  Overlord  
  68  8:06  Overlord  
  68  8:23  Hydralisk x8  
  68  8:25  Overlord  
  84  8:47  Hydralisk x2  
  88  8:52  Grooved Spines  
  88  8:54  Hatchery  
  87  9:13  Zerg Missile Weapons Level 2  
  87  9:14  Zerg Ground Armor Level 2  
  87  9:20  Overlord  
  87  9:31  Infestation Pit  
  86  9:41  Roach  
  86  9:42  Roach x3  
  94  10:02  Drone x3  
  94  10:03  Overlord, Drone x3  
  94  10:04  Overlord  
  100  10:13  Hive  
  94  10:34  Hydralisk x5  
  104  10:43  Hydralisk  
  104  10:49  Overlord x2  
  106  10:55  Overlord  
  106  10:58  Extractor  
  106  10:59  Drone  
  106  11:01  Extractor  
  105  11:07  Overlord x2, Queen  
  107  11:25  Drone  
  108  11:26  Drone x5  
  108  11:27  Drone  
  108  11:31  Zerg Missile Weapons Level 3  
  114  11:43  Viper x2  
  120  11:48  Roach  
  120  11:49  Roach  
  124  12:09  Roach x3  
  122  12:48  Hydralisk x11  
  122  12:49  Hydralisk x2  
  120  13:00  Hydralisk x3  
  120  13:01  Hydralisk  
  120  13:05  Hydralisk  
  102  13:32  Hydralisk x3  
  102  13:33  Hydralisk x4  
  116  13:35  Hydralisk  
  118  13:52  Hydralisk x4  
  126  14:01  Hydralisk x2  
  130  14:06  Overlord  
  130  14:25  Hydralisk x4  
  130  14:27  Overlord x2  
  98  14:49  Hydralisk x6  
  98  14:51  Hydralisk  
  92  14:59  Roach x2  
  96  15:10  Drone  
  97  15:18  Hydralisk x5  
  107  15:34  Roach x5  
  117  15:47  Hydralisk x4  
  125  16:05  Hydralisk x4  
  127  16:14  Overlord  
  127  16:15  Overlord  
  123  16:36  Overlord x2  
  123  16:37  Overlord x2  
  121  16:53  Overlord x6  
  121  16:54  Overlord  
  121  16:55  Overlord x2  
  110  17:16  Drone  
  110  17:17  Drone x5  
  111  17:27  Overlord  
  107  17:31  Hydralisk x2  
  107  17:37  Overlord x2  
  111  17:43  Hydralisk  
  105  18:03  Hydralisk x4  
  105  18:04  Hydralisk x2  
  85  18:14  Hydralisk x2  
  69  18:22  Queen  
  69  18:24  Queen  
  71  18:58  Spore Crawler  
  71  19:02  Spore Crawler x2  
  63  19:07  Spore Crawler  
  63  19:08  Spore Crawler  
  63  19:09  Spore Crawler  
  58  19:16  Hydralisk x6  
  68  19:29  Hydralisk x2  
  52  19:42  Overlord  
  52  19:43  Overlord  
  48  19:52  Overlord  
  38  19:57  Spore Crawler  
  33  20:01  Drone x2  
  31  20:11  Overlord  
  31  20:17  Spore Crawler  
  30  20:24  Drone x2  
  32  20:33  Overlord  
  32  20:36  Spore Crawler  
  32  20:42  Overlord  
  31  20:44  Overlord  
  31  21:01  Queen  
  33  21:04  Drone x2  
  32  21:31  Overlord  
  32  21:35  Hydralisk x6  
  44  21:49  Overlord x2  
  44  21:52  Overlord x2  
  44  22:04  Overlord  
  44  22:19  Hydralisk x5  
  54  22:23  Hydralisk  
  56  22:34  Hydralisk x2  
  60  22:42  Spore Crawler  
  59  22:47  Overlord  
  59  22:48  Drone x2  
  61  23:17  Hydralisk  
  63  23:22  Hatchery  
  62  23:35  Overlord x3  
  62  24:10  Overlord  
  62  24:11  Drone x3  
  62  24:12  Overlord, Drone  
  62  24:13  Overlord  
  66  24:35  Spore Crawler  
  66  24:37  Spore Crawler  
  64  24:38  Spore Crawler  
  64  24:43  Overlord  
  63  24:47  Overlord  
  63  24:48  Overlord, Spore Crawler  
  64  25:15  Overlord x2  
Show
View Real Time Build Order
Export as new Build Order

doon Zerg 

Build Orders: Hatch First 

Get SALT Encoding   

  12  0:00  Drone  
  13  0:13  Overlord  
  13  0:18  Drone  
  14  0:31  Drone x2  
  16  0:35  Drone  
  17  0:58  Hatchery  
  17  1:03  Drone x2  
  18  1:21  Spawning Pool  
  18  1:23  Drone x2  
  18  1:34  Drone  
  19  1:40  Drone  
  19  1:43  Extractor  
  19  1:50  Overlord  
  19  2:08  Extractor  
  19  2:09  Queen  
  19  2:10  Drone  
  19  2:13  Drone  
  23  2:15  Drone  
  23  2:18  Queen  
  23  2:20  Overlord  
  25  2:33  Drone x2  
  27  2:40  Drone  
  28  2:45  Metabolic Boost  
  28  2:49  Drone  
  29  2:51  Drone  
  29  2:57  Drone  
  31  3:01  Overlord  
  31  3:06  Spore Crawler  
  31  3:09  Spore Crawler  
  31  3:10  Drone  
  31  3:12  Drone  
  31  3:20  Drone  
  31  3:21  Drone x4  
  36  3:28  Baneling Nest  
  36  3:32  Spine Crawler, Drone  
  35  3:34  Drone  
  35  3:37  Drone  
  37  3:42  Drone x2  
  39  3:59  Zergling x4  
  41  4:07  Spine Crawler, Drone x2  
  38  4:29  Drone  
  38  4:30  Drone x2  
  40  4:34  Drone x5  
  40  4:35  Drone  
  42  4:42  Drone  
  42  4:50  Drone  
  42  4:51  Drone x3, Extractor  
  42  4:52  Lair  
  45  5:10  Extractor  
  44  5:25  Zergling x14  
  44  5:26  Zergling x2  
  52  5:29  Hatchery  
  52  5:30  Overlord  
  52  5:31  Overlord x2  
  51  6:07  Spire  
  51  6:10  Drone x3  
  53  6:11  Drone x3  
  48  6:43  Queen  
  48  6:44  Drone  
  48  6:45  Overlord x2  
  48  6:46  Overlord x2  
  51  6:53  Drone  
  52  7:07  Zergling x6  
  52  7:08  Zergling x8  
  59  7:23  Hatchery  
  59  7:28  Mutalisk  
  59  7:29  Mutalisk x7  
  68  7:30  Mutalisk x5  
  68  7:33  Zerg Flyer Weapons Level 1  
  68  7:36  Drone  
  85  7:40  Drone  
  86  7:45  Overlord x2  
  86  7:46  Zergling x2  
  87  7:52  Spore Crawler  
  87  7:53  Spore Crawler  
  87  7:57  Mutalisk x5  
  95  8:00  Extractor  
  85  8:21  Mutalisk  
  85  8:22  Mutalisk x2  
  85  8:23  Zergling x4  
  85  8:24  Zergling x12  
  80  9:04  Mutalisk x3  
  80  9:05  Mutalisk x3  
  86  9:15  Zergling x10  
  86  9:16  Zergling x2  
  92  9:22  Mutalisk x2  
  96  9:24  Zergling x4  
  90  9:48  Zergling x8  
  90  9:49  Zergling x10  
  90  9:52  Drone x2  
  74  10:16  Mutalisk x5  
  74  10:17  Zergling x2  
  85  10:25  Mutalisk x3  
  80  10:45  Queen  
  80  10:48  Drone x3  
  85  11:01  Mutalisk x5  
  95  11:12  Drone x2  
  95  11:13  Extractor  
  95  11:17  Drone  
  97  11:26  Drone, Extractor  
  97  11:27  Drone x2  
  97  11:28  Drone x3, Extractor  
  97  11:29  Drone x2  
  103  11:37  Drone x2  
  105  11:49  Zergling x2, Mutalisk x3  
  105  11:50  Mutalisk x3  
  105  11:51  Zergling x10  
  105  11:52  Zergling x2  
  103  12:20  Zergling x6, Mutalisk x4  
  103  12:21  Zergling x2, Mutalisk  
  114  12:26  Spore Crawler  
  114  12:27  Spore Crawler  
  114  12:28  Zerg Flyer Armor Level 1  
  114  12:29  Drone  
  113  12:31  Drone  
  114  12:39  Mutalisk x2  
  102  12:58  Zergling x8  
  82  12:59  Zergling x10  
  88  13:06  Mutalisk x5  
  98  13:17  Drone  
  94  13:24  Zergling x4  
  94  13:39  Corruptor, Mutalisk  
  94  13:40  Mutalisk x4  
  84  13:51  Mutalisk x2  
  84  13:52  Zergling x4  
  84  13:53  Zergling x2  
  84  13:54  Overlord x2  
  91  14:00  Hatchery  
  90  14:03  Drone  
  90  14:04  Drone x2  
  93  14:15  Drone  
  94  14:25  Zerg Flyer Weapons Level 2  
  94  14:27  Mutalisk x4  
  94  14:28  Zergling x8, Mutalisk  
  94  14:29  Zergling x4  
  110  14:37  Mutalisk x2  
  104  14:52  Corruptor, Mutalisk  
  90  14:54  Zergling x10  
  90  14:55  Zergling x8  
  91  15:08  Drone  
  91  15:09  Zergling x4  
  91  15:10  Zergling x4  
  91  15:11  Queen  
  91  15:14  Queen  
  98  15:15  Drone  
  101  15:21  Drone  
  100  15:28  Zergling x4, Mutalisk x2  
  106  15:40  Drone x2  
  107  15:49  Mutalisk x5  
  111  15:50  Mutalisk x2  
  108  16:27  Drone, Extractor  
  108  16:28  Drone x2, Extractor  
  107  16:39  Zergling x10, Mutalisk  
  103  17:02  Zergling x6  
  103  17:03  Zergling x14  
  103  17:04  Zergling x6, Mutalisk  
  103  17:08  Overlord x7  
  116  17:09  Overlord  
  112  17:28  Mutalisk x6  
  112  17:29  Zergling x2, Mutalisk x2  
  128  17:30  Zergling x8, Mutalisk x3  
  129  17:42  Mutalisk x5  
  121  17:58  Mutalisk x3  
  121  17:59  Mutalisk  
  126  18:05  Hatchery  
  125  18:24  Spore Crawler  
  125  18:25  Drone x2, Spore Crawler  
  123  18:28  Spore Crawler  
  123  18:33  Zergling x2  
  123  18:34  Zergling x10  
  91  18:55  Zergling x2  
  91  18:56  Zergling x10  
  95  19:04  Drone, Spore Crawler  
  95  19:05  Drone, Spore Crawler  
  95  19:06  Drone  
  95  19:09  Spore Crawler x2  
  90  19:10  Spore Crawler  
  90  19:11  Drone  
  77  19:17  Zergling x4  
  77  19:18  Zergling x10  
  73  19:29  Overlord  
  73  19:30  Zergling x6, Mutalisk x4  
  73  19:31  Zergling x6  
  83  19:38  Zergling x2  
  73  19:53  Zergling x6  
  73  19:58  Baneling x3  
  51  20:14  Queen  
  51  20:18  Queen  
  51  20:26  Drone x3  
  51  20:27  Drone x3  
  55  20:54  Drone x4  
  55  20:56  Drone x2  
  49  20:59  Zergling x8  
  42  21:12  Drone  
  42  21:13  Drone  
  42  21:17  Drone x3, Queen  
  49  21:23  Spore Crawler  
  47  21:28  Zergling x2  
  47  21:29  Zergling x4  
  50  21:46  Zergling x2  
  50  21:47  Zergling x8  
  52  21:55  Spore Crawler  
  52  21:57  Drone  
  42  22:34  Drone x3  
  42  22:36  Drone x3  
  45  22:51  Hatchery  
  36  23:11  Drone  
  36  23:12  Drone x5  
  40  23:22  Drone x3  
  43  23:39  Zergling x10  
  43  23:40  Zergling x2  
  49  23:46  Drone x2  
  49  23:47  Drone, Extractor  
  46  24:09  Zergling x2  
  46  24:10  Zergling x12  
  46  24:11  Zergling x4  
  48  24:24  Overlord  
  48  24:25  Zergling x8  
  50  24:35  Spore Crawler  
  50  24:37  Spore Crawler  
  48  24:38  Spore Crawler  
  48  24:39  Drone  
  44  24:54  Drone x3  
  44  24:57  Drone x3  
  41  25:11  Overlord x2  
  40  25:15  Drone  
Tags
 
Add a new tag
Caveats
  • Supply blocks, unpowered buildings, or Contaminate may cause inaccurate times.
  • Supply counts are checked every 10 seconds.